 Dungeon Crawl Stone Soup version 0.21-a0-88-g13b9641 (webtiles) character file.

88 sagitran the Magician (level 4, -2/32 HPs)
             Began as a Gnoll Wanderer on June 27, 2017.
             Killed by divine providence
             ... invoked by an orc priest
              (12 damage)
             ... on level 3 of the Dungeon.
             The game lasted 00:15:42 (2154 turns).

sagitran the Magician (Gnoll Wanderer)              Turns: 2154, Time: 00:15:43

Health: -2/32      AC:  4    Str: 11    XL:     4   Next: 53%
Magic:  11/12      EV: 12    Int: 13    God:
Gold:   139        SH:  0    Dex: 13    Spells: 12/16 levels left

rFire    . . .     SeeInvis .   k - +1 dagger (drain)
rCold    . . .     Gourm    .   (no shield)
rNeg     . . .     Faith    .   c - +0 robe
rPois    .         Spirit   .   f - +0 helmet
rElec    .         Reflect  .   (no cloak)
rCorr    .         Harm     .   j - +0 pair of gloves
MR       .....                  (no boots)
Stlth    ++........             (no amulet)
HPRegen  0.10/turn              (no ring)
MPRegen  0.13/turn              (no ring)

@: flying
A: short attention span, fangs 1, strong nose
a: no special abilities


You were on level 3 of the Dungeon.
You were not hungry.

You visited 1 branch of the dungeon, and saw 3 of its levels.

You collected 139 gold pieces.

Inventory:

Hand Weapons
 a - a +3 short sword
 d - a +0 quarterstaff
 e - a +0 spear
 k - a +1 dagger of draining (weapon)
 t - a +0 hand axe
 x - a +0 mace
 z - a +0 long sword
 A - a +0 blowgun
 B - a +1 whip of venom
Missiles
 l - 24 stones (quivered)
 C - 8 poisoned needles
Armour
 c - a +0 robe (worn)
 f - a +0 helmet (worn)
 j - a +0 pair of gloves (worn)
Jewellery
 g - a cursed ring of loudness {unknown}
Scrolls
 i - a scroll of blinking {unknown}
 n - a scroll of noise {unknown}
 p - 3 scrolls of remove curse {unknown}
 r - 2 scrolls of magic mapping {unknown}
 s - a scroll of enchant armour {unknown}
 v - a scroll of identify {unknown}
 y - a scroll of teleportation
Potions
 h - a potion of lignification {unknown}
 o - a potion of flight
 q - 2 potions of berserk rage {unknown}
Books
 b - Sif Muna's Tome of the Frostbite

   Spells                             Type                      Level
   a - Throw Frost                    Conjuration/Ice              2
   b - Ensorcelled Hibernation        Hexes/Ice                    2
Comestibles
 m - 2 royal jellies
 u - a fruit
 w - a bread ration


   Skills:
 + Level 1.2 Fighting
 + Level 3.5 Short Blades
 + Level 1.7 Throwing
 + Level 2.2 Dodging
 + Level 2.1 Stealth
   Level 1.7 Shields
 + Level 6.8 Spellcasting
 + Level 0.4 Conjurations
 + Level 0.4 Hexes
   Level 1.7 Transmutations
   Level 1.7 Fire Magic
 + Level 0.4 Ice Magic


You had 12 spell levels left.
You knew the following spells:

 Your Spells              Type           Power        Failure   Level  Hunger
a - Throw Frost           Conj/Ice       #.....       19%         2    #......
b - Ensorcelled Hibernat  Hex/Ice        #.....       19%         2    #......


Dungeon Overview and Level Annotations

Branches:
Dungeon (3/15)

Altars:
Ru


Innate Abilities, Weirdness & Mutations

You have a short attention span.
You have very sharp teeth.
Your uncanny sense of smell can sniff out nearby items.


Message History

The orc wizard hits you with a dagger.
* * * LOW HITPOINT WARNING * * *
The orc priest calls upon Beogh to heal the orc.
The orc's wounds heal themselves!
The orc hits you but does no damage.
There is a stone staircase leading up here.
You barely miss the orc wizard.
The orc wizard points at you and mumbles some strange words.
The puff of frost misses you.
Casting: Throw Frost
Confirm with . or Enter, or press ? or * to list all spells.
Aiming: Ensorcelled Hibernation
Press: ? - help, Shift-Dir - straight line, f - orc wizard
Aim: an orc wizard, wielding a dagger and wearing a robe (chance to defeat MR: 37%)
The orc wizard easily resists.
The orc wizard misses you.
It was a potion of flight.
You feel very buoyant.
You fly up into the air.
The orc priest mumbles some strange prayers to Beogh against you.
Beogh smites you!
You die...

##########.........#
.##.....##.........#
.........#.........##
..............%.....##########
......[........).............#
...............†...##..#####.#
...)...............###.###...#
...................###..<).#
................@.oo.o.###.......
.....†...##........##### #######
.##...............##
#######...........# #####........
#####.....#.###.. #.....#####...
.. #.########## .... ##.........#


You could see an orc priest, an orc wizard and an orc.

Vanquished Creatures
  3 adders
  2 oozes (D:2)
  A worm (D:2)
  A dart slug (D:3)
  A leopard gecko (D:1)
  An orc (D:3)
  3 bats
  6 goblins
  6 hobgoblins
  4 jackals
  5 kobolds
  A ball python (D:2)
  8 frilled lizards
  2 rats
44 creatures vanquished.

Notes
Turn   | Place    | Note
-------+----------+-------------------------------------------
     0 | D:1      | sagitran the Gnoll Wanderer began the quest for the Orb.
     0 | D:1      | sagitran set off with: a +2 short sword, Sif Muna's Tome of the Frostbite, a +0 robe, a bread ration
     0 | D:1      | Reached XP level 1. HP: 13/13 MP: 6/6
     0 | D:1      | Identified Sif Muna's Tome of the Frostbite
   143 | D:1      | Reached skill level 6 in Spellcasting
   143 | D:1      | Reached XP level 2. HP: 11/19 MP: 9/9
   175 | D:1      | Learned a level 2 spell: Throw Frost
   178 | D:1      | Learned a level 2 spell: Ensorcelled Hibernation
   698 | D:2      | Reached XP level 3. HP: 10/25 MP: 10/10
  1226 | D:2      | Found a sacrificial altar of Ru.
  1392 | D:2      | Reached XP level 4. HP: 31/31 MP: 12/12
  1567 | D:2      | Reached skill level 1 in Fighting
  2154 | D:3      | Killed from afar by an orc priest

Vault maps used:
D:1:      lightli_arrival_flooded_house
D:2:      nicolae_ru_the_path_less_chosen
D:3:      nicolae_overflow_crystal_walls, marbit_many_paths,
          overflow_temple_1_default, first_bread

Skill      XL: |  1  2  3  4 |
---------------+-------------+-----
Spellcasting   | 6 |  6.8
Short Blades   | 2 3 |  3.5
Stealth        | 2 |  2.1
Dodging        | 2 |  2.2
Fighting       | 1 |  1.2
Throwing       | |  1.7
Shields        | |  1.7
Conjurations   | |  0.4
Hexes          | |  0.4
Transmutations | |  1.7
Fire Magic     | |  1.7
Ice Magic      | |  0.4

Action                   |  1- 3 |  4- 6 || total
-------------------------+-------+-------++-------
Melee: Short sword       |    83 |       ||    83
       Bite              |     4 |     2 ||     6
       Dagger            |       |    41 ||    41
 Cast: Throw Frost       |     4 |     4 ||     8
       Ensorcelled Hiber |     4 |     1 ||     5
  Use: Scroll            |     2 |       ||     2
       Potion            |       |     1 ||     1
 Stab: Sleeping          |     3 |     2 ||     5
  Eat: Bread ration      |     1 |       ||     1
Armor: Robe              |    30 |     9 ||    39
Dodge: Dodged            |    49 |    21 ||    70
